 Dungeon Crawl Stone Soup version 0.29-a0-323-g050149af67 (webtiles) character file.

Game seed: 10401503942240221323

15290 greenreed the Martial Artist (level 12, -7/112 HPs)
             Began as a Gnoll Transmuter on Apr 10, 2022.
             Was a Believer of Ashenzari.
             Mangled by a two-headed ogre
             ... wielding a +0 giant club
              (22 damage)
             ... on level 8 of the Dungeon.
             The game lasted 01:03:22 (11811 turns).

greenreed the Martial Artist (Gnoll Transmuter)    Turns: 11811, Time: 01:03:23

Health: -7/112     AC: 13    Str: 14    XL:     12   Next: 25%
Magic:  23/26      EV: 15    Int: 16    God:    Ashenzari [**....]
Gold:   1580       SH:  0    Dex: 16    Spells: 12/31 levels left

rFire   x . .      SeeInvis +     - Unarmed
rCold   + + +      Faith    .   (shield currently unavailable)
rNeg    . . .      Spirit   .   (body armour currently unavailable)
rPois   +          Reflect  .   (helmet currently unavailable)
rElec   +          Harm     .   (cloak currently unavailable)
rCorr   .          Rampage  .   (gloves currently unavailable)
Will    .....                   (boots currently unavailable)
Stlth   ++++......              E - amulet "Omniscient Affliction" {Regen+, Self, Range} (curse)
HPRegen 1.08/turn               k - +4 ring of protection
MPRegen 0.20/turn               o - ring "Altruism of the Sky" {Wiz +Blink rElec Str+3 Dex+3, Elem, Cun} (curse)

@: ice-form
A: freezing attack, amphibious, boosted hp, large, (fangs 1), strong nose,
distributed training
a: End Transformation, Renounce Religion, Evoke Blink, Curse Item, Shatter the
Chains


You were on level 8 of the Dungeon.
You worshipped Ashenzari.
Ashenzari was pleased with you.
You were a creature of crystalline ice.
You visited 2 branches of the dungeon, and saw 11 of its levels.
You also visited: Bailey.

You collected 1580 gold pieces.

Inventory:

Hand Weapons
 q - a +2 rapier of holy wrath
 y - a +1 hunting sling of freezing (melded)
 W - a +5 triple sword of holy wrath
Missiles
 D - 36 poisoned darts
Armour
 z - the -1 pair of gloves "Conoar" (melded) {rElec rN+ SInv}
   (You found it on level 3 of the Dungeon)

   rElec:     It insulates you from electricity.
   rN:        It protects you from negative energy.
   SInv:      It lets you see invisible.
 A - the cursed +0 cloak of Star-Bound Wisdom (melded) {Bglg, Alch}
   (You found it on level 3 of the Dungeon)

   It has a curse which improves the following skills: Beguiling: Conjurations,
   Hexes and Translocations.
   Alchemy:   Poison Magic and Transmutations.
 F - a +0 leather armour of positive energy (melded)
 I - the +7 plate armour "Faoqoid" {rElec rF+ Str+4}
   (You found it on level 6 of the Dungeon)

   Str:       It affects your strength (+4).
   rF:        It protects you from fire.
   rElec:     It insulates you from electricity.
 O - the cursed +0 pair of boots "Stellar Seeker" (melded) {Alch, Range}
   (You found it on level 6 of the Dungeon)

   It has a curse which improves the following skills: Alchemy: Poison Magic and
   Transmutations.
   Ranged Combat: Slings, Bows, Crossbows and Throwing.
Magical Staves
 G - a staff of death
Jewellery
 e - a +6 ring of strength
 k - a +4 ring of protection (left front paw)
 m - a ring of ice
 o - the cursed ring "Altruism of the Sky" (right front paw) {Wiz +Blink rElec Str+3 Dex+3, Elem, Cun}
   (You acquired it on level 6 of the Dungeon)

   [ring of wizardry]

   It improves your spell success rate.
   Str:       It affects your strength (+3).
   Dex:       It affects your dexterity (+3).
   rElec:     It insulates you from electricity.
   +Blink:    It lets you blink.
   It has a curse which improves the following skills: Elements: Fire Magic, Ice
   Magic, Air Magic and Earth Magic.
   Cunning:   Dodging and Stealth.
 u - a ring of poison resistance
 E - the cursed amulet "Omniscient Affliction" (around neck) {Regen+, Self, Range}
   (You took it off an orc on level 5 of the Dungeon)

   [amulet of regeneration]

   Regen:     It increases your rate of health regeneration.
   It has a curse which improves the following skills: Introspection: Fighting
   and Spellcasting.
   Ranged Combat: Slings, Bows, Crossbows and Throwing.
 L - an amulet of reflection
 M - a ring of see invisible
 U - a ring of protection from fire
 Y - a +6 ring of dexterity
Wands
 h - a wand of flame (1)
 v - a wand of iceblast (7)
 K - a wand of acid (25)
 S - a wand of paralysis (7)
 X - a wand of polymorph (5)
Scrolls
 d - a scroll of fog
 f - 4 scrolls of amnesia
 i - a scroll of holy word
 j - a scroll of vulnerability
 n - 3 scrolls of enchant armour
 p - 2 scrolls of blinking
 t - 4 scrolls of teleportation
 C - 2 scrolls of fear
 Q - a scroll of silence
 T - 2 scrolls of magic mapping
 Z - 2 scrolls of enchant weapon
Potions
 a - 3 potions of resistance
 b - a potion of lignification
 g - 3 potions of flight
 l - a potion of haste
 r - a potion of heal wounds
 s - 4 potions of mutation
 w - 5 potions of curing
 x - a potion of magic
 H - a potion of invisibility
 R - 3 potions of might
 V - 2 potions of brilliance
Miscellaneous
 c - a phial of floods


   Skills:
 + Level 7.6(8.9) Fighting
 + Level 7.1 Short Blades
 + Level 7.1 Long Blades
 + Level 7.1 Axes
 + Level 7.1 Maces & Flails
 + Level 7.1 Polearms
 + Level 7.1 Staves
 + Level 7.1(8.4) Slings
 + Level 7.1(8.4) Bows
 + Level 7.1(8.4) Crossbows
 + Level 7.1(8.4) Throwing
 + Level 7.1 Armour
 + Level 8.5(9.8) Dodging
 + Level 7.1(8.4) Stealth
 + Level 7.1 Shields
 + Level 9.7 Unarmed Combat
 + Level 8.8(10.1) Spellcasting
 + Level 5.9 Conjurations
 + Level 5.9 Hexes
 + Level 5.9 Summonings
 + Level 5.9 Necromancy
 + Level 5.9 Translocations
 + Level 7.1 Transmutations
 + Level 5.9(7.1) Fire Magic
 + Level 5.9(7.1) Ice Magic
 + Level 5.9(7.1) Air Magic
 + Level 5.9(7.1) Earth Magic
 + Level 5.9 Poison Magic
 + Level 7.8 Invocations
 + Level 7.1 Evocations


You had 12 spell levels left.
You knew the following spells:

 Your Spells              Type           Power      Damage    Failure   Level
a - Beastly Appendage     Tmut           60%        N/A       1%          1
b - Wereblood             Tmut           30%        N/A       1%          2
c - Spider Form           Tmut/Pois      28%        N/A       1%          3
d - Ice Form              Ice/Tmut       30%        N/A       1%          4
e - Summon Guardian Gole  Hex/Summ       27%        N/A       1%          3
f - Tukima's Dance        Hex            27%        N/A       1%          3
g - Teleport Other        Tloc           27%        N/A       1%          3

Your spell library contained the following spells:

 Spells                   Type           Power      Damage    Failure   Level
 Gell's Gravitas          Tloc           27%        N/A       1%          3
 Lesser Beckoning         Tloc           27%        N/A       1%          3
 Hailstorm                Conj/Ice       29%        3d8       2%          4
 Anguish                  Hex/Necr       13%        N/A       3%          4
 Simulacrum               Ice/Necr       14%        N/A       34%         6
 Enfeeble                 Hex            13%        N/A       92%         7
 Orb of Destruction       Conj           13%        9d7       92%         7
 Spellforged Servitor     Conj/Summ      13%        N/A       92%         7


Dungeon Overview and Level Annotations

Branches:
Dungeon (10/15)            Temple (1/1) D:5             Orc (0/2) D:9
 Bailey (visited)
   Lair: D:8-11

Altars:
Ashenzari
Cheibriados
Dithmenos
Elyvilon
Fedhas
Gozag
Hepliaklqana
Kikubaaqudgha
Makhleb
Nemelex Xobeh
Okawaru
Qazlal
Ru
Sif Muna
Trog
Uskayaw
Vehumet
Wu Jian
Xom
Yredelemnul
Zin
The Shining One
Beogh

Shops:
D:9 ?

Annotations:
D:8 Gastronok
D:10 2 runed translucent doors, Lodul


Innate Abilities, Weirdness & Mutations

You are a creature of crystalline ice.
You have a powerful freezing melee attack.
You are amphibious.
Your maximum health is increased.
Your armour is entirely melded.
You are incapable of wielding weapons or throwing items.
((You have very sharp teeth.))
Your uncanny sense of smell can sniff out nearby items.
Your experience applies equally to all skills.


Message History

Level annotation: Gastronok
There is a stone staircase leading down here.
You start resting.
Your transformation is almost over.
You warm up again.
Your +1 hunting sling of freezing unmelds from your body.
The cursed +0 cloak of Star-Bound Wisdom {Bglg, Alch} unmelds from your body.
The -1 pair of gloves "Conoar" {rElec rN+ SInv} unmelds from your body.
The cursed +0 pair of boots "Stellar Seeker" {Alch, Range} unmelds from your body.
Your +0 leather armour of positive energy unmelds from your body.
Your +1 hunting sling of freezing is covered in frost.
You feel more protected from negative energy.
You start resting.
HP restored.
Casting: Ice Form (mildly dangerous; 1% risk of failure)
Confirm with . or Enter, or press ? or * to list all spells.
You turn into a creature of crystalline ice.
Your +1 hunting sling of freezing melds into your body.
The cursed +0 cloak of Star-Bound Wisdom {Bglg, Alch} melds into your body.
The -1 pair of gloves "Conoar" {rElec rN+ SInv} melds into your body.
The cursed +0 pair of boots "Stellar Seeker" {Alch, Range} melds into your body.
Your +0 leather armour of positive energy melds into your body.
Your +1 hunting sling of freezing stops glowing.
You feel less protected from negative energy.
You climb downwards.
The two-headed ogre hits you with a +0 giant club.
The two-headed ogre barely misses you.
The two-headed ogre hits you with a +0 giant club! x2
There is a stone staircase leading up here.
The two-headed ogre hits you with a +0 giant club!
The two-headed ogre misses you.
The two-headed ogre hits you with a +0 giant club!! x2
* * * LOW HITPOINT WARNING * * *
You climb upwards.
Level annotation: Gastronok
There is a stone staircase leading down here.
The two-headed ogre hits you with a +0 giant club!!
* * * LOW HITPOINT WARNING * * *
The two-headed ogre hits you with a +0 giant spiked club!!
You die...

#...###.##.#♣.♣.♣#♣.♣.###
#..####.##.#..♣..#♣.♣.♣♣♣
#### #..##.#.♣♣♣.#♣.♣....
##...#.#..♣..#♣.♣♣♣♣♣
#####......#♣.♣.♣#♣......
#..##......#♣♣.♣♣ ♣♣♣♣♣♣♣
##......O>.####### #####
###....OO.......#♣♣♣....
###..Y........#♣..♣♣♣♣ ####
#...........#.♣♣♣... ##..##
#...........#♣..♣♣♣♣ #....#
##..........#♣♣♣.... #....##
#..........########
##.....####.................
#.......# #.........#####.##
#.....<.# ##.......## #.##
#.......###.......## #.##


You could see 3 two-headed ogres.

Vanquished Creatures
  A boulder beetle (D:8)
  Erica (D:8)
  Erolcha (D:9)
  4 two-headed ogres
  Maurice (D:9)
  A tarantella (shapeshifter) (D:9)
  Grinder (D:4)
  2 spriggans (Bailey)
  22 yaks
  4 wyverns
  A basilisk (D:10)
  Grum (D:8)
  2 steam dragons
  6 water moccasins
  Duvessa (D:7)
  3 sky beasts
  7 orc warriors
  2 black bears
  An ice beast (D:2)
  4 wolves
  7 ogres
  4 centaurs
  3 phantoms
  3 kobold brigands
  5 bullfrogs
  2 gnoll sergeants
  3 scorpions
  Dowan (D:7)
  3 wights (D:9)
  4 killer bees (D:9)
  An electric eel (D:8)
  5 howler monkeys
  4 crimson imps (D:6)
  3 jellies
  2 hounds (D:4)
  8 orc priests
  4 iguanas
  7 orc wizards
  A hound zombie (D:4)
  5 adders
  8 gnolls
  A shadow imp (D:6)
  2 white imps
  4 ufetubi
  An adder zombie (D:4)
  2 worms
  2 dart slugs (D:1)
  52 orcs
  5 ball pythons
  5 endoplasms
  5 giant cockroaches
  10 goblins
  9 hobgoblins
  12 kobolds
  7 bats
  5 frilled lizards
  5 rats
276 creatures vanquished.

Vanquished Creatures (others)
  2 fungi (D:10)
  14 plants (D:10)
16 creatures vanquished.

Grand Total: 292 creatures vanquished

Notes
Turn   | Place    | Note
-------+----------+-------------------------------------------
     0 | D:1      | greenreed the Gnoll Transmuter began the quest for the Orb.
     0 | D:1      | Reached XP level 1. HP: 17/17 MP: 6/6
   176 | D:1      | Reached XP level 2. HP: 13/23 MP: 7/7
   179 | D:1      | Learned a level 2 spell: Wereblood
   668 | D:1      | Reached XP level 3. HP: 28/28 MP: 7/9
   923 | D:1      | Reached skill level 5 in Spellcasting
  1173 | D:2      | Reached skill level 1 in Invocations
  1419 | D:2      | Reached skill level 1 in Short Blades
  1419 | D:2      | Reached skill level 1 in Long Blades
  1419 | D:2      | Reached skill level 1 in Axes
  1419 | D:2      | Reached skill level 1 in Maces & Flails
  1419 | D:2      | Reached skill level 1 in Polearms
  1419 | D:2      | Reached skill level 1 in Staves
  1419 | D:2      | Reached skill level 1 in Slings
  1419 | D:2      | Reached skill level 1 in Bows
  1419 | D:2      | Reached skill level 1 in Crossbows
  1419 | D:2      | Reached skill level 1 in Throwing
  1419 | D:2      | Reached skill level 1 in Armour
  1419 | D:2      | Reached skill level 1 in Stealth
  1419 | D:2      | Reached skill level 1 in Shields
  1419 | D:2      | Reached skill level 1 in Evocations
  1644 | D:2      | Found a faded altar of an unknown god.
  1948 | D:2      | Reached XP level 4. HP: 34/34 MP: 11/11
  2348 | D:3      | Noticed an ice beast
  2375 | D:2      | Killed an ice beast
  2376 | D:2      | Reached skill level 1 in Conjurations
  2376 | D:2      | Reached skill level 1 in Hexes
  2376 | D:2      | Reached skill level 1 in Summonings
  2376 | D:2      | Reached skill level 1 in Necromancy
  2376 | D:2      | Reached skill level 1 in Translocations
  2376 | D:2      | Reached skill level 1 in Fire Magic
  2376 | D:2      | Reached skill level 1 in Ice Magic
  2376 | D:2      | Reached skill level 1 in Air Magic
  2376 | D:2      | Reached skill level 1 in Earth Magic
  2376 | D:2      | Reached skill level 1 in Poison Magic
  2376 | D:2      | Reached XP level 5. HP: 14/40 MP: 10/12
  2642 | D:3      | Identified the -1 pair of gloves "Conoar" {rElec rN+ SInv}
  3003 | D:3      | Reached XP level 6. HP: 45/47 MP: 13/13
  3073 | D:3      | Learned a level 3 spell: Spider Form
  3553 | D:4      | Reached skill level 5 in Dodging
  3556 | D:4      | Found a snail-covered altar of Cheibriados.
  3891 | D:4      | Found a basalt altar of Yredelemnul.
  4043 | D:4      | Noticed a black bear
  4050 | D:4      | Killed a black bear
  4051 | D:4      | Reached XP level 7. HP: 52/52 MP: 11/15
  4266 | D:5      | Entered Level 5 of the Dungeon
  4266 | D:5      | Noticed Grinder
  4274 | D:4      | Paralysed by Grinder for 6 turns
  4291 | D:4      | Killed Grinder
  4292 | D:4      | Reached skill level 7 in Unarmed Combat
  4442 | D:4      | Reached XP level 8. HP: 19/60 MP: 13/16
  4986 | D:5      | Found a bloodstained altar of Trog.
  4987 | D:5      | Found a stormy altar of Qazlal.
  5033 | D:5      | Found a staircase to the Ecumenical Temple.
  5064 | Temple   | Entered the Ecumenical Temple
  5223 | Temple   | Became a worshipper of Ashenzari the Shackled
  5248 | D:5      | Identified a scroll of acquirement
  5355 | D:5      | Found an ancient bone altar of Kikubaaqudgha.
  5355 | D:5      | Found an opulent altar of Gozag.
  5535 | D:6      | Found an iron altar of Okawaru.
  5701 | D:6      | Identified the +7 plate armour "Faoqoid" {rElec rF+ Str+4}
  5704 | D:6      | Identified the +12 hand axe "Vighiof" {venom, Drain Will+
                  | SInv Stlth+}
  5740 | D:6      | Found a shimmering altar of Xom.
  6240 | D:6      | Reached XP level 9. HP: 66/66 MP: 15/18
  6287 | D:6      | Reached skill level 5 in Transmutations
  6671 | D:7      | Reached skill level 5 in Fighting
  6733 | D:6      | Acquired the ring of the Mutiny {Wiz +Blink rElec Str+3
                  | Dex+3}
  6830 | D:7      | Found a glowing golden altar of the Shining One.
  6923 | D:7      | Noticed Dowan
  6924 | D:7      | Noticed Duvessa
  6934 | D:7      | Killed Duvessa
  6940 | D:7      | Killed Dowan
  6962 | D:7      | Identified the cursed +0 pair of boots "Stellar Seeker"
                  | {Alch, Range} (You found it on level 6 of the Dungeon)
  7048 | D:7      | Reached skill level 8 in Unarmed Combat
  7303 | D:7      | Found an ornate altar of the Wu Jian Council.
  7331 | D:7      | Reached skill level 5 in Invocations
  7356 | D:7      | Reached XP level 10. HP: 74/74 MP: 20/20
  7566 | D:7      | Reached * piety under Ashenzari
  7797 | D:8      | Noticed a two-headed ogre
  7841 | D:7      | Identified the cursed +0 cloak of Star-Bound Wisdom {Bglg,
                  | Alch} (You found it on level 3 of the Dungeon)
  7880 | D:7      | Learned a level 4 spell: Ice Form
  7888 | D:8      | Killed a two-headed ogre
  7889 | D:8      | Reached skill level 5 in Short Blades
  7889 | D:8      | Reached skill level 5 in Long Blades
  7889 | D:8      | Reached skill level 5 in Axes
  7889 | D:8      | Reached skill level 5 in Maces & Flails
  7889 | D:8      | Reached skill level 5 in Polearms
  7889 | D:8      | Reached skill level 5 in Staves
  7889 | D:8      | Reached skill level 5 in Slings
  7889 | D:8      | Reached skill level 5 in Bows
  7889 | D:8      | Reached skill level 5 in Crossbows
  7889 | D:8      | Reached skill level 5 in Throwing
  7889 | D:8      | Reached skill level 5 in Armour
  7889 | D:8      | Reached skill level 5 in Stealth
  7889 | D:8      | Reached skill level 5 in Shields
  7889 | D:8      | Reached skill level 5 in Evocations
  8160 | D:8      | Found a flagged portal.
  8191 | Bailey   | Entered a bailey
  8418 | Bailey   | Noticed a two-headed ogre
  8438 | Bailey   | Killed a two-headed ogre
  9013 | D:8      | Noticed Gastronok
  9168 | D:8      | Reached XP level 11. HP: 83/83 MP: 17/22
  9195 | D:8      | Found a sacrificial altar of Ru.
  9218 | D:8      | Reached ** piety under Ashenzari
  9254 | D:9      | Noticed Erolcha
  9470 | D:8      | Reached skill level 9 in Unarmed Combat
  9731 | D:8      | Reached skill level 5 in Conjurations
  9731 | D:8      | Reached skill level 5 in Hexes
  9731 | D:8      | Reached skill level 5 in Summonings
  9731 | D:8      | Reached skill level 5 in Necromancy
  9731 | D:8      | Reached skill level 5 in Translocations
  9731 | D:8      | Reached skill level 5 in Fire Magic
  9731 | D:8      | Reached skill level 5 in Ice Magic
  9731 | D:8      | Reached skill level 5 in Air Magic
  9731 | D:8      | Reached skill level 5 in Earth Magic
  9731 | D:8      | Reached skill level 5 in Poison Magic
  9819 | D:8      | Noticed a boulder beetle
  9826 | D:8      | Noticed a cyclops
  9834 | D:8      | Killed a boulder beetle
 10077 | D:8      | Noticed Erica
 10085 | D:8      | Noticed Grum
 10090 | D:8      | Killed Erica
 10169 | D:8      | Killed Grum
 10404 | D:8      | Learned a level 3 spell: Summon Guardian Golem
 10408 | D:8      | Learned a level 3 spell: Tukima's Dance
 10412 | D:8      | Learned a level 3 spell: Teleport Other
 10597 | D:9      | Killed Erolcha
 10734 | D:9      | Noticed a two-headed ogre
 10743 | D:9      | Killed a two-headed ogre
 10894 | D:9      | Found Hoshioc's Magic Scroll Boutique.
 11153 | D:9      | Noticed Maurice
 11171 | D:9      | Killed Maurice
 11215 | D:9      | Reached XP level 12. HP: 94/94 MP: 25/25
 11259 | D:9      | Found a staircase to the Orcish Mines.
 11287 | D:9      | Acquired 958 gold pieces
 11402 | D:10     | Entered Level 10 of the Dungeon
 11538 | D:10     | Found a large runed translucent door.
 11540 | D:10     | Found a large runed translucent door.
 11558 | D:10     | Noticed Lodul
 11562 | D:10     | Noticed a two-headed ogre
 11564 | D:10     | Noticed a two-headed ogre
 11564 | D:10     | Noticed a two-headed ogre
 11655 | D:10     | Noticed a two-headed ogre
 11655 | D:10     | Noticed a two-headed ogre
 11664 | D:9      | Killed a two-headed ogre
 11718 | D:10     | Noticed a two-headed ogre
 11811 | D:8      | Mangled by a two-headed ogre

Illustrated notes

Levels and vault maps discovered:
D:1:      dpeg_arrival_another_circle, layout_loops_ring, st_stairs_6,
          minmay_pentomino_w2
D:2:      layout_basic, shapermc_ecumenical_altar_ellora,
          minmay_increasing_density
D:3:      layout_loops_ring, st_stairs_8
D:4:      layout_basic, slow_altar_1, lemuel_zombie_altar_yredelemnul,
          serial_glass, glass_columns_b, glass_columns_b, glass_columns_c,
          glass_columns_a, glass_columns_a, glass_columns_b, glass_columns_c,
          glass_columns_b, glass_columns_b, glass_columns_c, glass_columns_a,
          glass_columns_a, glass_columns_a, glass_columns_a,
          due_unseen_surprise, minmay_strange_pillars, item_on_display_a,
          minmay_strange_pillars, kennysheep_generic_room_5
D:5:      layout_rooms, gammafunk_temple_overflow_statue,
          gammafunk_temple_overflow_elements,
          minmay_temple_entry_statues_fountains, uniq_grinder
D:6:      minmay_bubble_buster, layout_loops_ring, led_xom_imps, okawaru_trees_2
D:7:      layout_cave_pods, nicolae_wu_jian_immortal_techniques,
          old_standard_altar, uniq_duvessa
D:8:      nzn_winding_woodlands_cross [nzn_winding_woodlands_5x15_eye,
          nzn_winding_woodlands_5x15_twine, nzn_winding_woodlands_5x15_crooked,
          nzn_winding_woodlands_5x15_river_crossing,
          nzn_winding_woodlands_15x15_boxy_spiral], layout_cave_pods,
          hangedman_ru_absence, enter_bailey_3, uniq_erica, uniq_grum,
          uniq_gastronok
D:9:      layout_rooms, david_orc_5, serial_shops, nicolae_shop_hallway_stairs,
          hangedman_decor_growths, grunt_ministairs_1, kennysheep_small_square,
          uniq_maurice, uniq_erolcha
D:10:     layout_big_octagon, minmay_lair_entry_grove,
          ebering_ghost_disaster_area, uniq_lodul
Temple:   jpeg_temple_clearing

Skill      XL: |  1  2  3  4  5  6  7  8  9 10 11 12 |
---------------+-------------------------------------+-----
Spellcasting   | 5 6 7 8 |  8.8
Invocations    | 1 2 3 4 5 6 7 |  7.8
Short Blades   | 1 2 3 4 5 6 7 |  7.1
Long Blades    | 1 2 3 4 5 6 7 |  7.1
Axes           | 1 2 3 4 5 6 7 |  7.1
Maces & Flails | 1 2 3 4 5 6 7 |  7.1
Polearms       | 1 2 3 4 5 6 7 |  7.1
Staves         | 1 2 3 4 5 6 7 |  7.1
Slings         | 1 2 3 4 5 6 7 |  7.1
Bows           | 1 2 3 4 5 6 7 |  7.1
Crossbows      | 1 2 3 4 5 6 7 |  7.1
Throwing       | 1 2 3 4 5 6 7 |  7.1
Armour         | 1 2 3 4 5 6 7 |  7.1
Stealth        | 1 2 3 4 5 6 7 |  7.1
Shields        | 1 2 3 4 5 6 7 |  7.1
Evocations     | 1 2 3 4 5 6 7 |  7.1
Conjurations   | 1 2 3 4 5 |  5.9
Hexes          | 1 2 3 4 5 |  5.9
Summonings     | 1 2 3 4 5 |  5.9
Necromancy     | 1 2 3 4 5 |  5.9
Translocations | 1 2 3 4 5 |  5.9
Fire Magic     | 1 2 3 4 5 |  5.9
Ice Magic      | 1 2 3 4 5 |  5.9
Air Magic      | 1 2 3 4 5 |  5.9
Earth Magic    | 1 2 3 4 5 |  5.9
Poison Magic   | 1 2 3 4 5 |  5.9
Fighting       | 3 4 5 6 7 |  7.6
Transmutations | 4 5 6 7 |  7.1
Dodging        | 5 6 7 8 |  8.5
Unarmed Combat | 7 8 9 |  9.7

Action                   |  1- 3 |  4- 6 |  7- 9 | 10-12 || total
-------------------------+-------+-------+-------+-------++-------
Melee: Unarmed           |    60 |    38 |   111 |   335 ||   544
       Kick              |     8 |     4 |       |       ||    12
       Headbutt          |     3 |     1 |       |       ||     4
       Bite              |     5 |     1 |    11 |     3 ||    20
       Punch             |     2 |       |     7 |     1 ||    10
       Short sword       |       |       |    98 |     7 ||   105
       Hand axe          |       |       |     7 |       ||     7
       Triple sword      |       |       |       |    10 ||    10
 Fire: Hunting sling     |    57 |    98 |   150 |    79 ||   384
 Cast: Beastly Appendage |    12 |     1 |       |     1 ||    14
       Spider Form       |       |     5 |    14 |     2 ||    21
       Wereblood         |       |       |     3 |     4 ||     7
       Ice Form          |       |       |       |    28 ||    28
Invok: Curse Item        |       |       |     1 |     3 ||     4
 Abil: Evoke Blink       |       |       |     1 |       ||     1
  Use: Scroll            |       |       |     9 |     6 ||    15
       Potion            |       |       |     2 |       ||     2
 Stab: Sleeping          |     3 |     1 |       |     1 ||     5
Armor: Robe              |    34 |    18 |     6 |       ||    58
       Leather armour    |       |       |    57 |    18 ||    75
       Skin              |       |       |     4 |   140 ||   144
Dodge: Dodged            |    68 |    78 |   238 |   322 ||   706
Block: Other             |       |       |       |     7 ||     7

Table legend: (Time is in decaauts)
 A = Elapsed time spent in this place.
 B = Non-inter-level travel time spent in this place.
 C = Inter-level travel time spent in this place.
 D = Time resting spent in this place.
 E = Time spent auto-exploring this place.
 F = Levels seen in this place.
 G = Mean time per level.
                   A        B        C        D        E       F      G
               +--------+--------+--------+--------+--------+-----+--------+
         Total |  11844 |  11323 |    521 |    906 |   7615 |  12 |  987.0 |
       Dungeon |  10965 |  10482 |    483 |    698 |   7126 |  10 | 1096.5 |
        Temple |    173 |    135 |     38 |      0 |    122 |   1 |  173.0 |
        Bailey |    705 |    705 |      0 |    208 |    367 |   1 |  705.0 |
               +--------+--------+--------+--------+--------+-----+--------+

Top non-repeatable levels by time:
     D:8: 1997 daAuts
     D:2: 1555 daAuts
     D:4: 1246 daAuts
     D:6: 1228 daAuts
     D:7: 1207 daAuts
     D:9: 1059 daAuts
     D:1: 1015 daAuts
     D:3: 861 daAuts
  Bailey: 705 daAuts
     D:5: 683 daAuts
  Temple: 173 daAuts
    D:10: 109 daAuts
